 Dungeon Crawl Stone Soup version 0.26-a0-661-g406de6ba63 (webtiles) character file.

Game seed: 9533906653551947859

14856 grandjackal the Fighter (level 11, -11/93 HPs)
             Began as a Demonspawn Gladiator on Oct 8, 2020.
             Was a Believer of Ru.
             Killed from afar by Frances (31 damage)
             ... with a shard of ice
             ... on level 12 of the Dungeon.
             The game lasted 00:14:16 (11884 turns).

grandjackal the Fighter (Demonspawn Gladiator)     Turns: 11884, Time: 00:14:16

Health: -11/93     AC: 12    Str: 18      XL:     11   Next: 94%
Magic:  11/11      EV: 22    Int:  9 (10) God:    Ru [**....]
Gold:   686        SH:  0    Dex: 17      Spells: 10/10 levels left

rFire    + + +     SeeInvis .     - Unarmed
rCold    + . .     Faith    .   (no shield)
rNeg     . . .     Spirit   .   B - +4 leather armour of Qazlal's Fury {rF++ rC+ Dex+3 Stlth+}
rPois    .         Reflect  .   c - +0 helmet
rElec    .         Harm     .   o - +0 cloak
rCorr    +         Rampage  .   (gloves unavailable)
MR       .....                  (no boots)
Stlth    ++........             k - amulet of the acrobat
HPRegen  0.25/turn              M - ring of protection from fire
MPRegen  0.12/turn              p - ring of resist corrosion

@: mighty, agile, weakened, overwhelmed with horror
A: claws 3, demonic guardian 1, fire resistance 1, powered by pain 1, flame
cloud immunity, cowardly, no conjurations magic, no earth magic, no hexes magic,
sharp scales 2
a: Renounce Religion


You were on level 12 of the Dungeon.
You worshipped Ru.
Ru was pleased with you.
You visited 1 branch of the dungeon, and saw 12 of its levels.

You collected 686 gold pieces.

Inventory:

Hand Weapons
 a - a +3 dagger of draining
 t - a +2 dagger of electrocution
Missiles
 b - 6 curare-tipped darts
 d - 5 throwing nets (quivered)
 e - 62 poisoned darts
Armour
 c - a +0 helmet (worn)
 o - a +0 cloak (worn)
 B - the +4 leather armour of Qazlal's Fury (worn) {rF++ rC+ Dex+3 Stlth+}
   (You found it on level 4 of the Dungeon)

   It affects your dexterity (+3).
   It greatly protects you from fire.
   It protects you from cold.
   It makes you more stealthy.
 P - the +1 chain mail of Uskayaw's Hope {rC++ MP+9, unknown}
   (You found it on level 9 of the Dungeon)

   It greatly protects you from cold.
   It affects your magic capacity (+9).
Jewellery
 k - an amulet of the acrobat (around neck)
 p - a ring of resist corrosion (right claw)
 M - a ring of protection from fire (left claw)
 S - an uncursed ring of magical power {unknown}
 T - a +4 ring of protection {unknown}
 X - a cursed amulet of inaccuracy {unknown}
Wands
 C - a wand of digging (8)
 D - a wand of paralysis (8)
 G - a wand of iceblast (29)
 J - a wand of flame (19)
 K - a wand of enslavement (6)
 Z - a wand of disintegration (13)
Scrolls
 g - 5 scrolls of fog {unknown}
 h - 3 scrolls of random uselessness {unknown}
 l - 5 scrolls of remove curse {unknown}
 q - 2 scrolls of enchant weapon {unknown}
 r - 2 scrolls of immolation {unknown}
 s - a scroll of magic mapping {unknown}
 y - 2 scrolls of teleportation {unknown}
 A - 3 scrolls of blinking {unknown}
 E - a scroll of fear {unknown}
 F - a scroll of vulnerability {unknown}
 I - a scroll of enchant armour {unknown}
 R - a scroll of amnesia {unknown}
 U - 4 scrolls of holy word {unknown}
 Y - a scroll of noise {unknown}
Potions
 f - a potion of flight
 i - 4 potions of cancellation
 j - 3 potions of invisibility
 m - 4 potions of lignification
 n - 3 potions of ambrosia
 v - a potion of stabbing
 w - a potion of resistance {unknown}
 x - 7 potions of curing {unknown}
 z - 3 potions of brilliance {unknown}
 H - 2 potions of haste
 L - 2 potions of heal wounds {unknown}
 N - a potion of berserk rage {unknown}
 O - 2 potions of mutation
 V - a potion of degeneration {unknown}
 W - a potion of magic


   Skills:
 + Level 11.3 Fighting
   Level 4.3 Long Blades
 - Level 1.7 Throwing
 - Level 7.0 Armour
 + Level 8.1 Dodging
 + Level 9.8 Unarmed Combat


You had 10 spell levels left.
You didn't know any spells.
Your spell library contained the following spells:

 Spells                   Type           Power        Failure   Level
 Gell's Gravitas          Tloc           #.........   80%         3
 Sandblast                Erth           Unusable     N/A         1
 Passwall                 Tmut/Erth      Unusable     N/A         2
 Confusing Touch          Hex            Unusable     N/A         3
 Stone Arrow              Conj/Erth      Unusable     N/A         3
 Petrify                  Tmut/Erth      Unusable     N/A         4
 Lee's Rapid Deconstruct  Erth           Unusable     N/A         5
 Metabolic Englaciation   Hex/Ice        Unusable     N/A         5
 Yara's Violent Unravell  Hex/Tmut       Unusable     N/A         5

Dungeon Overview and Level Annotations

Branches:
Dungeon (12/15)            Temple (0/1) D:6            Lair (0/6) D:9
    Orc: D:9-12

Altars:
Ashenzari
Cheibriados
Fedhas
Hepliaklqana
Kikubaaqudgha
Makhleb
Qazlal
Ru
Uskayaw
Vehumet
Xom
The Shining One

Shops:
D:7 *   D:9 [

Annotations:
D:9 4 runed translucent doors
D:12 Frances


Innate Abilities, Weirdness & Mutations

You have claws for hands.
A weak demonic guardian rushes to your aid.
Your flesh is heat resistant. (rF+)
You sometimes gain a little power by taking damage.
You are immune to clouds of flame.
Your cowardice makes you less effective in combat with threatening monsters.
You cannot study or cast Conjurations magic.
You cannot study or cast Earth magic.
You cannot study or cast Hexes magic.
You are mostly covered in razor-sharp scales. (AC +2, Slay +2)


Message History

Unknown command.
Unknown command.
You mangle Frances!!
Frances is almost dead.
The kobold hits you but does no damage. Frances misses you.
The neqoxec completely misses you. The neqoxec closely misses you.
The soul eater completely misses you.
The quasit bites you but does no damage.
The quasit barely misses you. The quasit completely misses you.
Your ufetubus barely misses the neqoxec.
Your ufetubus hits the neqoxec but does no damage.
The kobold is stunned by your will and fails to attack.
Unknown command.
Unknown command.
You scratch Frances but do no damage.
Frances is almost dead.
Frances says, "I value strength and power.
I see none of this in you."
Frances whispers indecipherable words.
The shard of ice hits you!! You partially resist.
You die...

...................
#..........<.......
#..................
#..................
#........../.......
#..................
#.55...............
#####.3K5..............
.(..|K@@........^......
..<..K335.#############
#######...# #...# #...#
#...# ..... #######


You could see Frances (fast), a soul eater (summoned), 2 neqoxecs, a big kobold,
2 quasits, a shadow imp (summoned), 2 kobolds and a friendly ufetubus
(summoned).

Vanquished Creatures
  4 two-headed ogres
  3 ugly things (D:11)
  A cyclops (D:11)
  3 centaur skeletons
  3 gargoyles
  2 kobold demonologists
  A merfolk (D:9)
  A troll (D:9)
  Grinder (D:5)
  Sigmund (D:3)
  A wraith (D:11)
  8 yaks
  A soldier ant (D:11)
  2 water moccasins
  3 ice beasts
  3 orc warriors
  2 sky beasts
  2 black bears (D:10)
  A necrophage (D:8)
  7 ogres
  7 centaurs
  2 lemures (D:5)
  Blork the orc (D:5)
  9 bullfrogs
  A gnoll sergeant (D:9)
  7 scorpions
  7 killer bees
  8 wights
  9 howler monkeys
  4 bullfrog zombies
  2 quasits
  2 centaur zombies
  4 jellies
  5 hounds
  3 bullfrog skeletons
  4 orc priests
  5 orc wizards
  3 iguanas
  6 worker ants
  A hound skeleton (D:11)
  2 worker ant zombies
  9 gnolls
  9 adders
  A shadow imp (D:7)
  2 white imps
  2 ufetubi
  An ooze (D:5)
  An adder zombie (D:8)
  2 worms
  A dart slug (D:5)
  4 leopard geckos
  30 orcs
  5 giant cockroaches
  4 hobgoblins
  6 kobolds
  5 quokkas
  2 ball pythons
  3 bats
  4 frilled lizards
  4 goblins
  A jackal zombie (D:5)
  2 rats
240 creatures vanquished.

Vanquished Creatures (collateral kills)
  Erolcha (D:11)
  Pikel (D:5)
  A centaur zombie (D:10)
  A hornet (D:9)
  A wyvern (D:12)
  A water moccasin (D:10)
  A howler monkey (D:9)
  A jelly (D:10)
  An iguana (D:8)
  A worker ant (D:5)
  A hound zombie (D:10)
  A gnoll (D:9)
  A worm (D:5)
  2 orcs
15 creatures vanquished.

Vanquished Creatures (others)
  A killer bee (D:8)
  A gnoll (D:8)
  5 fungi (D:9)
  6 plants (D:9)
13 creatures vanquished.

Grand Total: 268 creatures vanquished

Notes
Turn   | Place    | Note
-------+----------+-------------------------------------------
     0 | D:1      | grandjackal the Demonspawn Gladiator began the quest for
                  | the Orb.
     0 | D:1      | Reached XP level 1. HP: 16/16 MP: 1/1
   296 | D:1      | Gained mutation: You are partially covered in razor-sharp
                  | scales. (AC +1, Slay +1) [demonic ancestry]
   296 | D:1      | Reached XP level 2. HP: 20/22 MP: 2/2
   625 | D:2      | Found a broken altar of Ashenzari.
   628 | D:2      | Noticed an ogre
   642 | D:2      | Killed an ogre
   642 | D:2      | Reached skill level 3 in Fighting
   642 | D:2      | Gained mutation: You are mostly covered in razor-sharp
                  | scales. (AC +2, Slay +2) [demonic ancestry]
   642 | D:2      | Reached XP level 3. HP: 16/29 MP: 3/3
   642 | D:2      | Gained mutation: A weak demonic guardian rushes to your
                  | aid. [demonic ancestry]
   642 | D:2      | Reached XP level 4. HP: 19/35 MP: 4/4
   822 | D:2      | Found a snail-covered altar of Cheibriados.
   937 | D:2      | Gained mutation: You sometimes gain a little power by
                  | taking damage. [demonic ancestry]
   937 | D:2      | Reached XP level 5. HP: 41/41 MP: 5/5
   938 | D:2      | Found a sacrificial altar of Ru.
  1536 | D:3      | Noticed Sigmund
  1548 | D:3      | Killed Sigmund
  1548 | D:3      | Reached skill level 4 in Fighting
  1548 | D:3      | Gained mutation: You have sharp fingernails. [demonic
                  | ancestry]
  1548 | D:3      | Reached XP level 6. HP: 47/48 MP: 6/6
  1595 | D:3      | Reached skill level 1 in Unarmed Combat
  1704 | D:2      | Became a worshipper of Ru the Awakened
  1901 | D:3      | Found an ancient bone altar of Kikubaaqudgha.
  1902 | D:3      | Found a blossoming altar of Fedhas.
  1902 | D:3      | Found a shimmering altar of Xom.
  1902 | D:3      | Found a hide-covered altar of Uskayaw.
  2216 | D:3      | Found a hazy altar of Hepliaklqana.
  2725 | D:4      | Got a warped leather armour
  2736 | D:4      | Gained mutation: Your cowardice makes you less effective in
                  | combat with threatening monsters. [Ru sacrifice]
  2736 | D:4      | Reached * piety under Ru
  2868 | D:5      | Entered Level 5 of the Dungeon
  2869 | D:5      | Noticed an ice beast
  2881 | D:5      | Killed an ice beast
  2881 | D:5      | Reached XP level 7. HP: 47/55 MP: 7/7
  2883 | D:5      | Got a transparent leather armour
  3062 | D:5      | Reached skill level 5 in Dodging
  3150 | D:5      | Reached skill level 5 in Fighting
  3171 | D:5      | Reached skill level 1 in Armour
  3616 | D:5      | Noticed Grinder
  3635 | D:5      | Killed Grinder
  3724 | D:5      | Found a stormy altar of Qazlal.
  3787 | D:5      | Noticed Blork the orc
  3798 | D:5      | Killed Blork the orc
  3798 | D:5      | Gained mutation: Your flesh is heat resistant. (rF+)
                  | [demonic ancestry]
  3798 | D:5      | Reached XP level 8. HP: 25/63 MP: 8/8
  4160 | D:5      | Noticed Pikel
  4170 | D:5      | Killed Pikel
  4170 | D:5      | Reached skill level 6 in Fighting
  4583 | D:6      | Found a radiant altar of Vehumet.
  5236 | D:6      | Found a staircase to the Ecumenical Temple.
  5362 | D:7      | Found Vaotwoun's Lightly-Used Armoury.
  5495 | D:7      | Reached skill level 7 in Fighting
  5495 | D:7      | Reached skill level 5 in Unarmed Combat
  5495 | D:7      | Gained mutation: You have very sharp fingernails. [demonic
                  | ancestry]
  5495 | D:7      | Reached XP level 9. HP: 66/72 MP: 9/9
  5634 | D:7      | Found a glowing golden altar of the Shining One.
  6047 | D:7      | Gained mutation: You cannot study or cast Earth magic. [Ru
                  | sacrifice]
  6047 | D:7      | Gained mutation: You cannot study or cast Hexes magic. [Ru
                  | sacrifice]
  6047 | D:7      | Gained mutation: You cannot study or cast Conjurations
                  | magic. [Ru sacrifice]
  6047 | D:7      | Reached ** piety under Ru
  6135 | D:7      | Reached skill level 5 in Armour
  6165 | D:7      | Found a radiant altar of Vehumet.
  6368 | D:7      | Identified the +4 leather armour of Qazlal's Fury {rF++ rC+
                  | Dex+3 Stlth+} (You found it on level 4 of the Dungeon)
  6672 | D:8      | Noticed a kobold demonologist
  6678 | D:8      | Noticed a sun demon
  6687 | D:8      | Killed a kobold demonologist
  6687 | D:8      | Reached skill level 8 in Fighting
  7125 | D:9      | Got a smelly chain mail
  7162 | D:9      | Found Yracoy's Armour Emporium.
  7168 | D:9      | Noticed a troll
  7181 | D:9      | Killed a troll
  7296 | D:9      | Gained mutation: You have claws for hands. [demonic
                  | ancestry]
  7296 | D:9      | Reached XP level 10. HP: 60/82 MP: 10/10
  7721 | D:9      | Found a burning altar of Makhleb.
  7890 | D:9      | Found a huge runed translucent gate.
  7890 | D:9      | Noticed a manticore
  7891 | D:9      | Found a huge runed translucent gate.
  7896 | D:9      | Noticed a manticore
  7913 | D:9      | Found a huge runed translucent gate.
  7913 | D:9      | Found a huge runed translucent gate.
  7917 | D:9      | Paralysed by a hornet for 1 turns
  7920 | D:9      | Reached skill level 9 in Fighting
  8222 | D:9      | Found a staircase to the Lair.
  8330 | D:10     | Entered Level 10 of the Dungeon
  8610 | D:10     | Noticed a two-headed ogre
  8619 | D:10     | Killed a two-headed ogre
  8725 | D:10     | Noticed a gargoyle
  8761 | D:10     | Killed a gargoyle
  9061 | D:10     | Reached skill level 10 in Fighting
  9427 | D:10     | Gained mutation: You are immune to clouds of flame.
                  | [demonic ancestry]
  9427 | D:10     | Reached XP level 11. HP: 90/90 MP: 11/11
  9473 | D:10     | Noticed a two-headed ogre
  9475 | D:10     | Noticed a two-headed ogre
  9504 | D:10     | Killed a two-headed ogre
  9509 | D:10     | Killed a two-headed ogre
  9958 | D:11     | Noticed a white ugly thing
  9969 | D:11     | Killed a white ugly thing
 10615 | D:11     | Noticed a cyan ugly thing
 10622 | D:11     | Noticed a brown ugly thing
 10627 | D:11     | Killed a cyan ugly thing
 10631 | D:11     | Killed a brown ugly thing
 10813 | D:11     | Noticed a two-headed ogre
 10822 | D:11     | Killed a two-headed ogre
 10949 | D:11     | Reached skill level 11 in Fighting
 11258 | D:11     | Noticed a soul eater
 11441 | D:11     | Noticed Erolcha
 11448 | D:11     | Killed Erolcha
 11861 | D:12     | Noticed Frances
 11876 | D:12     | Noticed a soul eater
 11884 | D:12     | Killed from afar by Frances

Illustrated notes

Levels and vault maps discovered:
D:1:      minmay_arrival_glassed_features, layout_loops_ring
D:2:      layout_rooms, nicolae_ru_awakened_eye, overflow_temple_1_default,
          lemuel_round_altar
D:3:      minmay_angry_zag, layout_basic, lemuel_coloured_pillars_altar,
          chequers_temple_overflow_statue_of_worship, uniq_sigmund
D:4:      layout_basic
D:5:      cheibrodos_helix_gallery, layout_basic,
          nicolae_qazlal_general_emergency, uniq_grinder, uniq_pikel,
          uniq_blork_the_orc
D:6:      layout_loops_ring, temple_hall, basic_altar
D:7:      layout_loops_ring, nicolae_overflow_hidden_temple, lemuel_round_altar,
          minmay_shop_damaged
D:8:      layout_basic, chequers_serial_rivers_micro_c
D:9:      lemuel_bear_cage, layout_cave_pools, bloody_makhleb,
          grunt_lair_entry_orc_guard_hut, serial_shops, nicolae_shop_crystal,
          hangedman_fish_farm
D:10:     layout_roguey, minmay_joined_circles
D:11:     layout_grid_maze, uniq_erolcha
D:12:     layout_long_grid, orc_0_dummy, biasface_ghost_orc_armoury,
          portal_ice_cave_entry_pillars_1, uniq_frances

Skill      XL: |  1  2  3  4  5  6  7  8  9 10 11 |
---------------+----------------------------------+-----
Long Blades    | 3 4 |  4.3
Fighting       | 3 4 5 7 8 10 11 | 11.3
Dodging        | 3 4 5 6 8 |  8.1
Unarmed Combat | 1 3 5 6 8 9 |  9.8
Armour         | 2 4 6 7 |  7.0
Throwing       | |  1.7

Action                   |  1- 3 |  4- 6 |  7- 9 | 10-12 || total
-------------------------+-------+-------+-------+-------++-------
Melee: Long sword        |    29 |    48 |    16 |       ||    93
       Dagger            |       |    58 |   169 |       ||   227
       Punch             |       |       |    15 |    19 ||    34
       Unarmed           |       |       |   180 |   351 ||   531
Throw: Throwing net      |     2 |       |       |       ||     2
Invok: Sacrifice Courage |       |     1 |       |       ||     1
       Sacrifice Arcana  |       |       |     1 |       ||     1
       Reject Sacrifices |       |       |       |     1 ||     1
Evoke: Wand              |       |       |       |    10 ||    10
  Use: Scroll            |       |       |     7 |     2 ||     9
       Potion            |       |       |     1 |     1 ||     2
 Stab: Held in net/web   |     2 |       |       |       ||     2
       Distracted        |       |     1 |     4 |     5 ||    10
       Sleeping          |       |       |     1 |     9 ||    10
       Invisible         |       |       |     1 |       ||     1
Armor: Leather armour    |     9 |    22 |   113 |    76 ||   220
       Skin              |       |       |     9 |       ||     9
Dodge: Dodged            |    23 |    61 |   198 |   268 ||   550
       Rpst.: Long sword |     8 |     5 |     1 |       ||    14

Table legend: (Time is in decaauts)
 A = Elapsed time spent in this place.
 B = Non-inter-level travel time spent in this place.
 C = Inter-level travel time spent in this place.
 D = Time resting spent in this place.
 E = Time spent auto-exploring this place.
 F = Levels seen in this place.
 G = Mean time per level.
                   A        B        C        D        E       F      G
               +--------+--------+--------+--------+--------+-----+--------+
         Total |  11805 |  11419 |    386 |   2357 |   7251 |  12 |  983.8 |
       Dungeon |  11805 |  11419 |    386 |   2357 |   7251 |  12 |  983.8 |
               +--------+--------+--------+--------+--------+-----+--------+

Top non-repeatable levels by time:
    D:11: 2062 daAuts
     D:5: 1550 daAuts
    D:10: 1370 daAuts
     D:7: 1049 daAuts
     D:8: 1021 daAuts
     D:6: 929 daAuts
     D:3: 918 daAuts
     D:9: 864 daAuts
     D:2: 761 daAuts
     D:4: 604 daAuts
     D:1: 595 daAuts
    D:12: 79 daAuts
